 Dungeon Crawl Stone Soup version 0.27-a0-1147-gb3d8e82157 (webtiles) character file.

Game seed: 5796806800283140856

154 voltaire321 the Poker (level 5, -10/40 (41) HPs)
             Began as a Merfolk Gladiator on May 11, 2021.
             Mangled by a crimson imp
             ... wielding a +1 dagger of chaos
              (15 damage)
             ... on level 3 of the Dungeon.
             The game lasted 00:05:24 (3010 turns).

voltaire321 the Poker (Merfolk Gladiator)           Turns: 3010, Time: 00:05:25

HP:   -10/40 (41)   AC:  4    Str: 14    XL:     5   Next: 35%
MP:   5/5           EV: 19    Int:  8    God:
Gold: 73            SH:  0    Dex: 16    Spells: 4/4 levels left

rFire    . . .     SeeInvis .   a - +1 trident
rCold    . . .     Faith    .   (no shield)
rNeg     . . .     Spirit   .   b - +0 leather armour
rPois    +         Reflect  .   c - +0 helmet
rElec    .         Harm     .   (no cloak)
rCorr    .         Rampage  .   (no gloves)
Will     .....                  (no boots)
Stlth    +.........             (no amulet)
HPRegen  0.13/turn              h - ring of poison resistance
MPRegen  0.09/turn              (no ring)

@: agile, very slightly contaminated, lightly drained, invisible (expiring)
A: (nimble swimmer 2), mertail
a: no special abilities


You were on level 3 of the Dungeon.
You visited 1 branch of the dungeon, and saw 3 of its levels.

You collected 73 gold pieces.

Inventory:

Hand Weapons
 a - a +1 trident (weapon)
Missiles
 d - 3 throwing nets (quivered)
 e - 7 boomerangs
Armour
 b - a +0 leather armour (worn)
 c - a +0 helmet (worn)
 i - a +1 scale mail of cold resistance
Jewellery
 h - a ring of poison resistance (left hand)
Wands
 f - a wand of polymorph (3)
Scrolls
 j - a scroll of enchant armour {unknown}
Potions
 g - a potion of flight {unknown}
 k - a potion of mutation {unknown}
 l - a potion of might {unknown}


   Skills:
 + Level 3.2 Fighting
 + Level 5.4 Polearms
 + Level 2.9 Throwing
 + Level 1.3 Armour
 + Level 5.1 Dodging


You had 4 spell levels left.
You didn't know any spells.
Your spell library was empty.

Dungeon Overview and Level Annotations

Branches:
Dungeon (3/15)

Altars:
Makhleb
Uskayaw
Xom


Innate Abilities, Weirdness & Mutations

((You are quick and stealthy near water. (Stealth+, EV+, Speed+++)))
Your lower body shifts to a powerful aquatic tail in water.


Message History

The crimson imp hits you with a +1 dagger of chaos!
The crimson imp freezes you.
You closely miss the crimson imp.
The crimson imp is lightly wounded.
The crimson imp puffs mist at you.
The crimson imp hits you with a +1 dagger of chaos.
You are confused.
You bump into the rock wall.
The crimson imp barely misses you.
You're too confused to move!
The crimson imp hits you with a +1 dagger of chaos.
You bump into the rock wall.
The crimson imp closely misses you.
You hit the crimson imp.
The crimson imp is moderately wounded.
The crimson imp misses you.
You hit the crimson imp.
The crimson imp is heavily wounded.
You feel less confused.
The crimson imp hits you with a +1 dagger of chaos.
You feel drained.
* * * LOW HITPOINT WARNING * * *
You barely miss the crimson imp.
The crimson imp is moderately wounded.
The crimson imp completely misses you.
You hit the crimson imp but do no damage.
The crimson imp is moderately wounded.
The crimson imp closely misses you.
You catch the helpless crimson imp completely off-guard!
You hit the crimson imp.
The crimson imp is moderately wounded.
The crimson imp hits you with a +1 dagger of chaos.
* * * LOW HITPOINT WARNING * * *
You feel agile all of a sudden.
You catch the helpless crimson imp completely off-guard!
You hit the crimson imp.
The crimson imp is heavily wounded.
You flicker for a moment.
The crimson imp hits you with a +1 dagger of chaos.
* * * LOW HITPOINT WARNING * * *
You are electrocuted!
You die...

#.....#.....
###...[..†....
#.............
#.....##......
#.............
#.............
####............
###.._#............
#.@...#......#.....
#.#5._#......#.....
#.#####......#.....
#..........#######.
########..>........
#......####.
###......# #.
#........####.
#.............


You could see a crimson imp.

Vanquished Creatures
  Ijyb (D:3)
  Jessica (D:3)
  2 adders
  A worm (D:3)
  A dart slug (D:1)
  2 orcs
  6 bats
  10 endoplasms
  2 giant cockroaches (D:2)
  5 goblins
  5 hobgoblins
  7 jackals
  3 quokkas
  8 ball pythons
  4 frilled lizards
  8 kobolds
  6 rats
72 creatures vanquished.

Notes
Turn   | Place    | Note
-------+----------+-------------------------------------------
     0 | D:1      | voltaire321 the Merfolk Gladiator began the quest for the
                  | Orb.
     0 | D:1      | Reached XP level 1. HP: 16/16 MP: 1/1
   252 | D:1      | Reached XP level 2. HP: 20/23 MP: 2/2
   376 | D:1      | Found a faded altar of an unknown god.
   577 | D:1      | Reached XP level 3. HP: 25/28 MP: 3/3
  1244 | D:2      | Found a hide-covered altar of Uskayaw.
  1619 | D:2      | Reached skill level 5 in Polearms
  1625 | D:2      | Reached XP level 4. HP: 25/34 MP: 4/4
  1717 | D:2      | Reached skill level 1 in Armour
  2053 | D:3      | Noticed Jessica
  2058 | D:3      | Killed Jessica
  2136 | D:3      | Reached XP level 5. HP: 41/41 MP: 5/5
  2326 | D:3      | Noticed Ijyb
  2352 | D:3      | Killed Ijyb
  2353 | D:3      | Reached skill level 5 in Dodging
  2992 | D:3      | Found a burning altar of Makhleb.
  2992 | D:3      | Found a shimmering altar of Xom.
  3010 | D:3      | Mangled by a crimson imp

Illustrated notes

Levels and vault maps discovered:
D:1:      sevenhm_arrival_forest_fort_large_2, layout_loops_cross,
          ebering_ecumenical_altar_webs
D:2:      minmay_recursive_quarters, layout_rooms, basic_altar
D:3:      layout_basic, grunt_temple_overflow_champion_of_chaos, uniq_ijyb,
          uniq_jessica

Skill      XL: |  1  2  3  4  5 |
---------------+----------------+-----
Polearms       | 5 |  5.4
Armour         | 1 |  1.3
Fighting       | 3 |  3.2
Dodging        | 5 |  5.1
Throwing       | |  2.9

Action                   |  1- 3 |  4- 6 || total
-------------------------+-------+-------++-------
Melee: Trident           |   134 |    85 ||   219
       Unarmed           |       |    17 ||    17
  Use: Scroll            |       |     3 ||     3
 Stab: Sleeping          |     1 |     3 ||     4
       Distracted        |       |     1 ||     1
       Invisible         |       |     2 ||     2
Armor: Leather armour    |    31 |    18 ||    49
Dodge: Dodged            |    78 |    45 ||   123

Table legend: (Time is in decaauts)
 A = Elapsed time spent in this place.
 B = Non-inter-level travel time spent in this place.
 C = Inter-level travel time spent in this place.
 D = Time resting spent in this place.
 E = Time spent auto-exploring this place.
 F = Levels seen in this place.
 G = Mean time per level.
                   A        B        C        D        E       F      G
               +--------+--------+--------+--------+--------+-----+--------+
         Total |   3018 |   2948 |     70 |    946 |   1456 |   3 | 1006.0 |
       Dungeon |   3018 |   2948 |     70 |    946 |   1456 |   3 | 1006.0 |
               +--------+--------+--------+--------+--------+-----+--------+

Top non-repeatable levels by time:
     D:2: 1115 daAuts
     D:3: 957 daAuts
     D:1: 946 daAuts
